General information
			
			
        
        - name: GRUDGE
 
        - type: Custom game
 
        - host: BauerPower
 
        - saver: BauerPower
 
        
map: EchoIsles 
        - players: 6
 
        - length: 10:20
 
        - speed: Fast
 - version: 1.22 W3XP
 - replay type:  Public
 
» download(47 KB)
Players
        team 1 (loser) 
              
              
Keeper-Kot (
blue | 182 APM | 1880 actions | 10:19)
              
 2 Blademaster 
 1 Wind Walk
 1 Critical Strike
 1 Shadow Hunter 
 1 Hex
 
                » actions 
                
                | Assign group hotkey | 17 |  | 
| Basic commands | 153 |  | 
| Build / train | 51 |  | 
| ESC pressed | 3 |  | 
| Enter build submenu | 10 |  | 
| Enter hero's abilities submenu | 3 |  | 
| Give item / drop item | 1 |  | 
| Right click | 654 |  | 
| Select / deselect | 420 |  | 
| Select group hotkey | 497 |  | 
| Use ability | 71 |  | 
                1880 total
 » units 
                
                | Peon | 6 |  | 
| Grunt | 5 |  | 
| Raider | 4 |  | 
| Spirit Walker | 1 |  | 
                16 total
 » upgrades
                
                | Ensnare | 1 |  | 
| Berserker Strength | 1 |  | 
                2 total
 » buildings
                
                | Altar of Storms | 1 |  | 
| Orc Burrow | 3 |  | 
| Barracks | 1 |  | 
| Voodoo Lounge | 1 |  | 
| Stronghold | 2 |  | 
| Beastiary | 1 |  | 
| Spirit Lodge | 2 |  | 
                11 total
 » build order
                00:07 Altar of Storms
00:19 Orc Burrow
00:38 Barracks
01:34 Orc Burrow
02:28 Voodoo Lounge
02:41 Stronghold
02:41 Stronghold
04:07 Orc Burrow
05:16 Beastiary
05:19 Spirit Lodge
06:54 Spirit Lodge
» items
                
                | Healing Salve | 5 |  | 
| Lesser Clarity Potion | 4 |  | 
| Scroll of Speed | 1 |  | 
| Potion of Healing | 4 |  | 
                14 total
  
               team 2 (winner) 
              
              
tylersaSOURpuss (
gray | 162 APM | 1672 actions | 10:20)
              
 3 Blademaster 
 2 Wind Walk
 1 Critical Strike
 2 Shadow Hunter 
 1 Hex
 1 Healing Wave
 
                » actions 
                
                | Assign group hotkey | 18 |  | 
| Basic commands | 26 |  | 
| Build / train | 40 |  | 
| ESC pressed | 1 |  | 
| Enter build submenu | 10 |  | 
| Enter hero's abilities submenu | 5 |  | 
| Give item / drop item | 2 |  | 
| Right click | 759 |  | 
| Select / deselect | 181 |  | 
| Select group hotkey | 564 |  | 
| Use ability | 66 |  | 
                1672 total
 » units 
                
                | Peon | 8 |  | 
| Grunt | 6 |  | 
| Raider | 3 |  | 
| Spirit Walker | 2 |  | 
                19 total
 » upgrades
                
                | Ensnare | 1 |  | 
| Spirit Walker Training | 1 |  | 
| Berserker Strength | 1 |  | 
                3 total
 » buildings
                
                | Altar of Storms | 1 |  | 
| Orc Burrow | 4 |  | 
| Barracks | 1 |  | 
| Stronghold | 1 |  | 
| Voodoo Lounge | 1 |  | 
| Beastiary | 1 |  | 
| Spirit Lodge | 1 |  | 
| War Mill | 1 |  | 
                11 total
 » build order
                00:06 Altar of Storms
00:18 Orc Burrow
00:42 Barracks
01:25 Orc Burrow
02:38 Stronghold
02:54 Voodoo Lounge
03:30 Orc Burrow
05:17 Beastiary
05:27 Spirit Lodge
06:46 Orc Burrow
08:35 War Mill
» items
                
                | Boots of Speed | 1 |  | 
| Circlet of Nobility | 1 |  | 
| Dust of Appearance | 1 |  | 
| Healing Salve | 2 |  | 
| Lesser Clarity Potion | 2 |  | 
| Potion of Healing | 1 |  | 
                8 total
  
               observersBauerPower, 
DevourPowerDour, 
SourFlowerHour, 
kunt.roII Chat log
          (00:00) tylersaSOURpuss: TP://HIGHPER.CH USA #1
(00:12 / All) tylersaSOURpuss: a good luck a dont suck
(00:24 / All) tylersaSOURpuss: gonna make it easy so you dont gotta utilize mh
(00:27 / Observers) kunt.roII: gonna be like obs
(00:29 / Observers) kunt.roII: BLUE LOSES
(00:30 / All) tylersaSOURpuss: just made burrow, gonna make blade soon
(00:34 / Observers) kunt.roII: WHAT A NOOB
(00:35 / All) tylersaSOURpuss: now im making a barracks
(00:50 / All) tylersaSOURpuss: queuing up workers
(00:54 / All) tylersaSOURpuss: got 5 on gold, moving to lumber now
(01:02 / All) tylersaSOURpuss: rallying altar
(01:05 / All) tylersaSOURpuss: to right of my base
(01:12 / All) tylersaSOURpuss: blade building
(01:16 / All) tylersaSOURpuss: im at 16/20 food
(01:29 / All) tylersaSOURpuss: second burrow going yup
(01:31 / All) Keeper-Kot: SHUT UP
(01:40 / All) tylersaSOURpuss: ok i let you use mh.
(01:55 / All) Keeper-Kot: HA HA HA
(05:07 / All) tylersaSOURpuss: good luck you stuck
(06:44 / Observers) kunt.roII: he could fight
(06:46 / Observers) kunt.roII: and win
(06:55 / Observers) DevourPowerDour: *mom comes in room*
(06:57 / Observers) DevourPowerDour: *begins to type*
(10:17 / All) Keeper-Kot: GG